 Dungeon Crawl Stone Soup version 0.18.1-48-g4cf74bf (webtiles) character file.

49 RymAnde the Poker (level 3, -3/27 HPs)
             Began as a Merfolk Gladiator on Aug 2, 2016.
             Was an Initiate of Okawaru.
             Slain by an orc
             ... wielding a +3 short sword
              (4 damage)
             ... on level 2 of the Dungeon.
             The game lasted 00:05:52 (1710 turns).

RymAnde the Poker (Merfolk Gladiator)               Turns: 1710, Time: 00:05:52

Health: -3/27      AC:  4    Str: 16    XL:     3   Next: 75%
Magic:  3/3        EV: 14    Int:  7    God:    Okawaru [......]
Gold:   77         SH:  0    Dex: 14    Spells: 0 memorised, 2 levels left

rFire  . . .     SeeInvis .     a - +0 trident
rCold  . . .     Gourm    .     b - +0 leather armour
rNeg   . . .     Faith    .     (no shield)
rPois  .         Spirit   .     c - +0 helmet
rElec  .         Dismiss  .     (no cloak)
rCorr  .         Reflect  .     (no gloves)
SustAt .         Harm     .     (no boots)
MR     .....                    (no amulet)
Stlth  +.........               (no ring)
                                (no ring)

@: not resistant to hostile enchantments, very unstealthy
A: change form in water, swift swim
a: Renounce Religion


You were on level 2 of the Dungeon.
You worshipped Okawaru.
Okawaru was noncommittal.
You were not hungry.

You visited 1 branch of the dungeon, and saw 3 of its levels.

You collected 77 gold pieces.

Inventory:

Hand Weapons
 a - a +0 trident (weapon)
Missiles
 d - 3 throwing nets (quivered)
Armour
 b - a +0 leather armour (worn)
 c - a +0 helmet (worn)
Jewellery
 i - an uncursed amulet of magic regeneration {unknown}
Scrolls
 e - 2 scrolls of blinking {unknown}
 j - a scroll of remove curse {unknown}
 k - 2 scrolls of immolation {unknown}
 l - a scroll of amnesia {unknown}
 n - a scroll of identify {unknown}
Comestibles
 f - 3 bread rations
 g - 2 chunks of flesh
 h - a meat ration
 m - a slice of pizza


   Skills:
 - Level 2.1 Fighting
 + Level 5.5 Polearms
 - Level 2.0 Throwing
 + Level 5.2 Dodging


You had 2 spell levels left.
You didn't know any spells.

Dungeon Overview and Level Annotations

Branches:
Dungeon (3/15)

Altars:
Ashenzari
Fedhas
Okawaru
The Shining One


Message History

You barely miss the orc wizard.
The orc hits you with an enchanted short sword.
* * * LOW HITPOINT WARNING * * *
The orc wizard completely misses you.
There is a stone staircase leading up here.
The orc hits you with an enchanted short sword.
* * * LOW HITPOINT WARNING * * *
The orc wizard gestures wildly while chanting.
The orc wizard seems to speed up.
You climb upwards.
There is a stone staircase leading down here.
You are too injured to fight recklessly!
You hit the orc but do no damage. The orc hits you but does no damage.
You hit the orc but do no damage.
The orc hits you with an enchanted short sword.
* * * LOW HITPOINT WARNING * * *
You hit the orc.
The orc is heavily wounded.
The orc hits you with an enchanted short sword.
You die...

#.....# #.###.###
#.#.....#
#...###.############
#.................≈.
#.#.#............≈≈≈
#.#.............#≈≈_
#.#o##..........#.≈≈
#.#@.............≈.≈
#...###.#.##########
########.# #.#.# #######
#........# #.#.# #.....#
#........# #.#.# #.###.#
#........# #.#.# #.# #.#
#........###.#.###.###.##
########.................
#.###.#.#######...


You could see an orc.

Vanquished Creatures
  An ooze (D:1)
  A worm (D:2)
  3 dart slugs
  2 orcs (D:3)
  3 hobgoblins
  3 kobolds
  4 bats
  2 giant newts (D:2)
  6 goblins
  8 rats
33 creatures vanquished.

Notes
Turn   | Place    | Note
--------------------------------------------------------------
     0 | D:1      | RymAnde the Merfolk Gladiator began the quest for the Orb.
     0 | D:1      | Reached XP level 1. HP: 16/16 MP: 1/1
   111 | D:1      | Reached XP level 2. HP: 21/22 MP: 2/2
   162 | D:1      | Reached skill level 5 in Polearms
   495 | D:1      | Found a glowing golden altar of the Shining One.
   664 | D:2      | Found an iron altar of Okawaru.
   679 | D:2      | Reached XP level 3. HP: 23/27 MP: 3/3
  1209 | D:2      | Found a blossoming altar of Fedhas.
  1350 | D:2      | Found a shattered altar of Ashenzari.
  1421 | D:2      | Reached skill level 5 in Dodging
  1448 | D:2      | Became a worshipper of Warmaster Okawaru
  1709 | D:2      | HP: 1/27 [orc/enchanted short sword (3)]
  1710 | D:2      | Slain by an orc

Skill      XL: |  1  2  3 |
---------------+----------+-----
Polearms       | 5 |  5.5
Dodging        | 5 |  5.2
Fighting       | |  2.1
Throwing       | |  2.0

Action                   || total
-------------------------++-------
Melee: Trident           ||   124
 Stab: Sleeping          ||     1
  Eat: Bread ration      ||     1
Armor: Leather armour    ||    18
Dodge: Dodged            ||    53
